 Dungeon Crawl Stone Soup version 0.29.1-1-gd02db6906a (webtiles) character file.

Game seed: 18157213500037687363

114 Demigod47 the Covered (level 4, -1/41 HPs)
             Began as a Minotaur Fighter on Oct 6, 2022.
             Slain by Natasha (7 damage)
             ... on level 2 of the Dungeon.
             The game lasted 00:10:17 (1692 turns).

Demigod47 the Covered (Minotaur Fighter)            Turns: 1692, Time: 00:10:18

Health: -1/41      AC:  8    Str: 22    XL:     4   Next: 66%
Magic:  3/3        EV:  9    Int:  5    God:
Gold:   98         SH:  4    Dex: 10    Spells: 3/3 levels left

rFire   . . .      SeeInvis .   a - +0 war axe
rCold   . . .      Faith    .   c - +0 buckler
rNeg    . . .      Spirit   .   b - +0 scale mail
rPois   .          Reflect  .   (helmet restricted)
rElec   .          Harm     .   (no cloak)
rCorr   .          Rampage  .   (no gloves)
Will    .....                   A - +0 pair of boots
Stlth   ..........              (no amulet)
HPRegen 0.13/turn               (no ring)
MPRegen 0.08/turn               (no ring)

@: slowed, very slow
A: horns 2, retaliatory headbutt
a: no special abilities


You were on level 2 of the Dungeon.
You visited 1 branch of the dungeon, and saw 2 of its levels.

You collected 98 gold pieces.

Inventory:

Hand Weapons
 a - a +0 war axe (weapon)
 f - a +0 club
 i - a +0 club
 j - a +0 hand axe
 m - a +0 dagger
 n - a +0 club
 u - a +0 club
 x - a +0 dagger
 y - a +0 dagger
 z - a +0 mace
 E - a +0 dagger
Missiles
 e - 2 poisoned darts (quivered)
 v - 2 stones
 w - 2 boomerangs
Armour
 b - a +0 scale mail (worn)
 c - a +0 buckler (worn)
 o - a +0 ring mail
 t - a +0 robe
 A - a +0 pair of boots (worn)
 C - a +0 ring mail
Scrolls
 h - a scroll of amnesia {unknown}
 k - 7 scrolls of identify {unknown}
 r - a scroll of fear {unknown}
 s - a scroll of enchant weapon {unknown}
 B - a scroll of teleportation {unknown}
 D - a scroll of noise {unknown}
Potions
 d - a potion of might
 g - a potion of berserk rage {unknown}
 l - 2 potions of attraction {unknown}
 p - a potion of haste {unknown}
 q - a potion of invisibility {unknown}


   Skills:
 + Level 4.3 Fighting
 + Level 4.0 Axes
 + Level 4.5 Armour
 + Level 0.4 Dodging
 + Level 0.2 Stealth
 + Level 4.1 Shields


You had 3 spell levels left.
You didn't know any spells.
Your spell library was empty.

Dungeon Overview and Level Annotations

Branches:
Dungeon (2/15)

Altars:

Annotations:
D:2 Natasha


Innate Abilities, Weirdness & Mutations

You have a pair of horns on your head.
You reflexively headbutt those who attack you in melee.


Message History

Natasha casts a spell at you. You resist with some effort.
Natasha zaps a wand.
The puff of flame hits you!
You hit Natasha.
Natasha is heavily wounded.
Natasha casts a spell.
You hit Natasha.
Natasha is severely wounded.
Natasha zaps a wand.
The puff of flame hits you.
You closely miss Natasha.
Natasha is severely wounded.
The shadow imp disappears in a puff of smoke!
Natasha drinks a potion.
Natasha is healed!
Natasha stares at you and mumbles some strange words.
The magic dart hits you.
* * * LOW HITPOINT WARNING * * *
Natasha mumbles some strange words.
Things that are here:
a +0 club; a goblin corpse Natasha zaps a wand.
The puff of flame hits you.
* * * LOW HITPOINT WARNING * * *
A kobold comes into view. It is wielding a +0 short sword.
The kobold shouts!
You hear a shout!
A kobold comes into view. It is wielding a +0 whip.
The kobold shouts!
Natasha casts a spell at you.
You feel yourself slow down. The kobold hits you but does no damage.
You block the kobold's attack.
The crimson imp blinks!
Natasha zaps a wand.
The puff of flame hits you.
* * * LOW HITPOINT WARNING * * *
The kobold hits you but does no damage. Natasha attacks as you move away!
Natasha barely misses you. Natasha claws you.
* * * LOW HITPOINT WARNING * * *
Natasha attacks as you move away! You block Natasha's attack.
The white imp disappears in a puff of smoke!
You block Natasha's attack. Natasha attacks as you move away!
Natasha claws you but does no damage.
Natasha howls an incantation.
Natasha shimmers violently.
Natasha claws you!
You die...

.....55## ##..# #.###.#.#
##)#.##.#
#.#.#########.###.######
#.... ......g.# #....... ####
#...# ######§.# #...#### ...#
#...# #..# #...# # #.#
#...########g.####.## # #.#
#...##.@hK.K5......# # ##.#
#...##.#####..####.# #
...#######......#####..#.##.#
............................#
...########.#########.......#
...# #.# ######.......# †..#
#.. ..<..........#### .###
#### ######........... .#
#.......####


You could see Natasha, a crimson imp (summoned), a hobgoblin and 2 kobolds.

Vanquished Creatures
  Terence (D:2)
  Natasha (D:2)
  An adder (D:2)
  2 worms (D:2)
  A dart slug (D:1)
  3 ball pythons
  10 endoplasms
  3 giant cockroaches (D:2)
  3 hobgoblins
  4 jackals (D:1)
  3 kobolds (D:1)
  3 quokkas
  2 bats (D:1)
  A frilled lizard (D:1)
  3 goblins
  5 rats
46 creatures vanquished.

Notes
Turn   | Place    | Note
-------+----------+-------------------------------------------
     0 | D:1      | Demigod47 the Minotaur Fighter began the quest for the Orb.
     0 | D:1      | Reached XP level 1. HP: 19/19 MP: 0/0
   275 | D:1      | Reached XP level 2. HP: 27/27 MP: 1/1
   719 | D:1      | Reached XP level 3. HP: 27/33 MP: 2/2
  1599 | D:2      | Noticed Natasha
  1602 | D:2      | Killed Natasha
  1603 | D:2      | Reached XP level 4. HP: 39/40 MP: 3/3
  1667 | D:2      | Noticed Terence
  1668 | D:2      | Noticed Natasha
  1674 | D:2      | Killed Terence
  1692 | D:2      | Slain by Natasha

Illustrated notes

Levels and vault maps discovered:
D:1:      arrival_zaba_pyramid, layout_basic
D:2:      layout_loops_ring, uniq_natasha, uniq_terence

Skill      XL: |  1  2  3  4 |
---------------+-------------+-----
Armour         | 4 |  4.5
Fighting       | 4 |  4.3
Shields        | 4 |  4.1
Axes           | 3 4 |  4.0
Dodging        | |  0.4
Stealth        | |  0.2

Action                   |  1- 3 |  4- 6 || total
-------------------------+-------+-------++-------
Melee: War axe           |    72 |    15 ||    87
       Headbutt          |    12 |     2 ||    14
Armor: Scale mail        |    45 |     7 ||    52
Dodge: Dodged            |    40 |     3 ||    43
Block: Buckler           |    16 |     4 ||    20
